 Dungeon Crawl Stone Soup version 0.30-a0-359-gd0147acb1a (webtiles) character file.

Game seed: 14157717004203732409

676 oldriver the Magician (level 7, -4/55 HPs)
             Began as a Mummy Necromancer on Nov 13, 2022.
             Slain by a gnoll
             ... wielding a +0 spear
             ... led by a gnoll bouda
              (6 damage)
             ... on level 5 of the Dungeon.
             The game lasted 00:07:37 (5211 turns).

oldriver the Magician (Mummy Necromancer)           Turns: 5211, Time: 00:07:39

Health: -4/55      AC:  5    Str: 12    XL:     7   Next: 33%
Magic:  11/16      EV: 11    Int: 22    God:
Gold:   243        SH:  3    Dex: 12    Spells: 14/19 levels left

rFire   x . .      SeeInvis .    i - +2 dagger (drain)
rCold   + . .      Faith    +    b - +0 buckler
rNeg    + + +      Spirit   .    a - +0 robe
rPois   ∞          Reflect  .    g - +1 helmet
rElec   .          Harm     .    f - +0 cloak
rCorr   .          Rampage  .    (no gloves)
Will    .....                    (no boots)
Stlth   ++........               (no amulet)
HPRegen 0.29/turn                e - +6 ring of intelligence
MPRegen 0.15/turn                (no ring)

@: no status effects
A: cold resistance 1, negative energy resistance 3, torment resistance 2, heat
vulnerability 1, in touch with death 1, no potions, faith
a: no special abilities


You were on level 5 of the Dungeon.
You visited 1 branch of the dungeon, and saw 5 of its levels.

You collected 243 gold pieces.

Inventory:

Hand Weapons
 d - a +0 spear of freezing
 i - a +2 dagger of draining (weapon)
Missiles
 k - a throwing net
Armour
 a - a +0 robe (worn)
 b - a +0 buckler (worn)
 f - a +0 cloak (worn)
 g - a +1 helmet (worn)
Jewellery
 e - a +6 ring of intelligence (left hand)
Wands
 c - a wand of polymorph (7)
 m - a wand of digging (5)


   Skills:
 * Level 4.7 Fighting
 - Level 1.5 Dodging
 - Level 1.5 Stealth
 * Level 6.5 Spellcasting
 + Level 5.3 Necromancy
 + Level 1.1 Ice Magic


You had 14 spell levels left.
You knew the following spells:

 Your Spells              Type           Power      Damage    Failure   Level
a - Necrotise             Necr           100%       1d9       1%          1
b - Vampiric Draining     Necr           45%        2d9       4%          3
c - Freeze                Ice            48%        1d6       8%          1

Your spell library contained the following spells:

 Spells                   Type           Power      Damage    Failure   Level
 Animate Dead             Necr           45%        N/A       13%         4
 Static Discharge         Conj/Air       14%        2-3/arc   19%         2
 Frozen Ramparts          Ice            24%        1d4       22%         3
 Hailstorm                Conj/Ice       9%         3d4       28%         3
 Vhi's Electric Charge    Tloc/Air       14%        N/A       34%         3
 Agony                    Necr           45%        N/A       36%         5
 Borgnjor's Vile Clutch   Necr/Erth      14%        N/A       73%         5
 Fulminant Prism          Conj/Hex       3%         3d5       75%         4
 Freezing Cloud           Conj/Ice/Air   4%         6-21      95%         5
 Alistair's Intoxication  Tmut/Pois      4%         N/A       97%         5
 Fireball                 Conj/Fire      3%         3d4       97%         5
 Simulacrum               Ice/Necr       16%        N/A       99%         6
 Conjure Ball Lightning   Conj/Air       3%         3x3d7     100%        6
 Eringya's Noxious Bog    Tmut/Pois      3%         N/A       100%        6
 Polar Vortex             Ice            6%         N/A       100%        9


Dungeon Overview and Level Annotations

Branches:
Dungeon (5/15)
 Temple: D:4-7

Altars:

Shops:
D:4 *


Innate Abilities, Weirdness & Mutations

You are immune to poison.
Your flesh is cold resistant. (rC+)
You are immune to negative energy. (rN+++)
You are immune to unholy pain and torment.
You are vulnerable to heat. (rF-)
You are in touch with the powers of death.
You do not drink.
You have a special connection with the divine. (Faith)


Message History

You feel a surge of power!
The howler monkey writhes in agony!
The centaur shouts!
The centaur wields a +0 shortbow.
The centaur shoots an arrow.
The arrow barely misses you.
You feel a surge of power!
The howler monkey writhes in agony.
You kill the howler monkey!
The dead are walking!
The centaur shoots an arrow.
The arrow misses you.
An adder comes into view.
The adder hisses angrily.
You feel a surge of power!
The gnoll bouda writhes in agony.
The centaur shoots an arrow.
The arrow misses you.
A gnoll comes into view. It is wielding a +0 halberd.
The gnoll bouda barks out a call to the hunt!
You hear a shout!
You hear an angry hiss.
You hear an angry growl.
You feel a surge of power!
The gnoll bouda writhes in agony.
The centaur shoots an arrow.
The arrow hits you!
Your howler monkey skeleton barely misses the gnoll bouda.
The centaur shoots an arrow.
The arrow hits you!
The gnoll bouda hits you with a +0 whip.
Your howler monkey skeleton hits the gnoll bouda.
A gnoll comes into view. It is wielding a +0 flail.
The gnoll bouda attacks as you move away!
The gnoll bouda barely misses you. 2 gnolls come into view.
The adder misses you.
A black bear comes into view.
The gnoll moves out of view.
The centaur shoots an arrow.
You block the arrow. The gnoll hits you with a +0 whip!
The centaur shoots an arrow.
The arrow hits you.
The gnoll hits you from afar with a +0 spear!
* * * LOW HITPOINT WARNING * * *
The centaur shoots an arrow.
The arrow hits you.
* * * LOW HITPOINT WARNING * * *
The centaur shoots an arrow.
The arrow hits you!
* * * LOW HITPOINT WARNING * * *
Something hits your howler monkey skeleton!
The gnoll hits you but does no damage.
The gnoll hits you from afar with a +0 spear.
You die...

...............
[......?......#
.........Z...##
..?....Z.gg..#
.!......###..#
.......c.##..####
####.....g.......
#.....Sgg.h.##
###.....@.......
.............###.
....##...<...#
.................
.#######.####..##
#.# .## ..# #
##.. #..


You could see a black bear, a centaur, 3 gnolls, an adder and a friendly howler
monkey skeleton.

Vanquished Creatures
  A scorpion (D:4)
  2 howler monkeys
  A hound (D:4)
  A gnoll bouda (D:4)
  An orc wizard (D:3)
  Robin (D:2)
  An adder (D:2)
  17 gnolls (D:4)
  A worm (D:3)
  2 dart slugs
  21 orcs
  9 ball pythons
  5 bats
  4 endoplasms
  4 giant cockroaches
  10 goblins
  13 hobgoblins
  12 jackals
  3 quokkas
  3 frilled lizards (D:1)
  3 kobolds
  4 rats (D:1)
119 creatures vanquished.

Vanquished Creatures (collateral kills)
  An ogre (D:4)
  2 gnolls (D:4)
  An adder (D:2)
  A ball python (D:2)
  3 endoplasms
  6 goblins
  A hobgoblin (D:1)
  2 jackals (D:4)
  A rat (D:1)
18 creatures vanquished.

Vanquished Creatures (others)
  3 plants (D:4)
3 creatures vanquished.

Grand Total: 140 creatures vanquished

Notes
Turn   | Place    | Note
-------+----------+-------------------------------------------
     0 | D:1      | oldriver the Mummy Necromancer began the quest for the Orb.
     0 | D:1      | Reached XP level 1. HP: 13/13 MP: 4/4
   143 | D:1      | Reached skill level 3 in Spellcasting
   189 | D:1      | Reached XP level 2. HP: 20/20 MP: 0/6
   199 | D:1      | Reached skill level 1 in Fighting
  1476 | D:2      | Gained mutation: You are in touch with the powers of death.
                  | [Mummy growth]
  1476 | D:2      | Reached XP level 3. HP: 26/26 MP: 4/8
  1659 | D:2      | Noticed Robin
  1686 | D:2      | Reached skill level 4 in Spellcasting
  1699 | D:2      | Killed Robin
  1700 | D:2      | Reached XP level 4. HP: 9/33 MP: 1/10
  2723 | D:3      | Reached XP level 5. HP: 34/39 MP: 3/11
  3325 | D:4      | Got Ufenikh's Discourse on Clouds and Concussion
  3376 | D:4      | Found Baogethe's Fire Supplies.
  3493 | D:4      | Reached skill level 5 in Spellcasting
  3707 | D:4      | Reached XP level 6. HP: 31/47 MP: 1/13
  4151 | D:4      | Learned a level 3 spell: Vampiric Draining
  4153 | D:4      | Learned a level 1 spell: Freeze
  4253 | D:4      | Reached skill level 5 in Necromancy
  4684 | D:4      | Reached skill level 6 in Spellcasting
  4773 | D:4      | Reached XP level 7. HP: 55/55 MP: 12/16
  4777 | D:4      | Reached skill level 1 in Ice Magic
  5188 | D:5      | Entered Level 5 of the Dungeon
  5211 | D:5      | HP: 2/55 [centaur/arrow (10)]
  5211 | D:5      | Slain by a gnoll

Illustrated notes

Levels and vault maps discovered:
D:1:      dpeg_arrival_arbitrary_b, layout_basic, wad_floor_pattern_1,
          chequers_hall_statues_corner_a
D:2:      layout_loops_ring, uniq_robin
D:3:      layout_basic, serial_park_tiny_pond
D:4:      lemuel_castle_with_subvaults [lemuel_castle_interior_carwin_1],
          layout_loops_ring, nicolae_shop_fire_sale [nicolae_sub_dead_trees]
D:5:      cheibrodos_iron_armory, layout_rooms, gammafunk_ghost_grave,
          uniq_edmund

Skill      XL: |  1  2  3  4  5  6  7 |
---------------+----------------------+-----
Spellcasting   | 3 4 5 6 |  6.5
Fighting       | 1 2 3 4 |  4.7
Necromancy     | 5 |  5.3
Ice Magic      | 1 |  1.1
Dodging        | |  1.5
Stealth        | |  1.5

Action                   |  1- 3 |  4- 6 |  7- 9 || total
-------------------------+-------+-------+-------++-------
Melee: Unarmed           |    21 |     4 |       ||    25
       Dagger            |       |     6 |       ||     6
 Cast: Necrotise         |    68 |   184 |    35 ||   287
  Use: Scroll            |     1 |     5 |       ||     6
 Stab: Distracted        |     1 |       |       ||     1
Armor: Robe              |    15 |    14 |     2 ||    31
Dodge: Dodged            |    28 |    51 |     8 ||    87
Block: Buckler           |     7 |    15 |     1 ||    23

Table legend: (Time is in decaauts)
 A = Elapsed time spent in this place.
 B = Non-inter-level travel time spent in this place.
 C = Inter-level travel time spent in this place.
 D = Time resting spent in this place.
 E = Time spent auto-exploring this place.
 F = Levels seen in this place.
 G = Mean time per level.
                   A        B        C        D        E       F      G
               +--------+--------+--------+--------+--------+-----+--------+
         Total |   5213 |   5092 |    121 |    222 |   3918 |   5 | 1042.6 |
       Dungeon |   5213 |   5092 |    121 |    222 |   3918 |   5 | 1042.6 |
               +--------+--------+--------+--------+--------+-----+--------+

Top non-repeatable levels by time:
     D:4: 2293 daAuts
     D:1: 1228 daAuts
     D:2: 939 daAuts
     D:3: 729 daAuts
     D:5: 22 daAuts
